 Dungeon Crawl Stone Soup version 0.29.1-1-gd02db69 (webtiles) character file.

Game seed: 13087576959002988807

21 RonnieColeman the Conjurer (level 2, -1/17 HPs)
             Began as an Octopode Conjurer on Oct 13, 2022.
             Killed from afar by a dart slug (4 damage)
             ... with a slug dart
             ... on level 2 of the Dungeon.
             The game lasted 00:02:29 (1675 turns).

RonnieColeman the Conjurer (Octopode Conjurer)      Turns: 1675, Time: 00:02:30

Health: -1/17      AC:  1    Str: 12    XL:     2   Next: 87%
Magic:  2/5        EV: 13    Int: 20    God:
Gold:   113        SH:  0    Dex: 10    Spells: 4/5 levels left

rFire   . . .      SeeInvis .   i - +0 dagger
rCold   . . .      Faith    .   (no shield)
rNeg    . . .      Spirit   .   (helmet restricted)
rPois   .          Reflect  .   (no amulet)
rElec   .          Harm     .   e - +6 ring of strength
rCorr   .          Rampage  .   (no ring)
Will    .....                   (no ring)
Stlth   +++.......              (no ring)
HPRegen 0.05/turn               (no ring)
MPRegen 0.09/turn               (no ring)
                                (no ring)
                                (no ring)

@: no status effects
A: almost no armour, amphibious, 8 rings, camouflage 1, gelatinous body 1,
(nimble swimmer 1), tentacles
a: no special abilities


You were on level 2 of the Dungeon.
You visited 1 branch of the dungeon, and saw 2 of its levels.

You collected 113 gold pieces.

Inventory:

Hand Weapons
 i - a +0 dagger (weapon)
Jewellery
 e - a +6 ring of strength (left tentacle)
 o - a ring of flight
Wands
 j - a wand of paralysis (2)
Scrolls
 c - a scroll of immolation {unknown}
 f - 6 scrolls of identify {unknown}
 h - a scroll of teleportation {unknown}
 k - a scroll of vulnerability {unknown}
 l - a scroll of amnesia {unknown}
 n - a scroll of torment {unknown}
 p - a scroll of blinking {unknown}
Potions
 a - a potion of magic
 b - a potion of curing {unknown}
 d - a potion of brilliance {unknown}
 g - 2 potions of lignification {unknown}
 m - a potion of attraction {unknown}


   Skills:
 - Level 2.0 Dodging
 - Level 2.6 Stealth
 + Level 0.2 Unarmed Combat
 * Level 2.2 Spellcasting
 + Level 4.6 Conjurations


You had 4 spell levels left.
You knew the following spells:

 Your Spells              Type           Power      Damage    Failure   Level
a - Magic Dart            Conj           80%        1d7       2%          1

Your spell library contained the following spells:

 Spells                   Type           Power      Damage    Failure   Level
 Searing Ray              Conj           40%        2d5       3%          2
 Dazzling Flash           Conj/Hex       22%        N/A       19%         3
 Fulminant Prism          Conj/Hex       5%         3d7       52%         4
 Iskenderun's Mystic Bla  Conj/Tloc      11%        2d4       52%         4


Dungeon Overview and Level Annotations

Branches:
Dungeon (2/15)

Altars:


Innate Abilities, Weirdness & Mutations

You cannot wear most types of armour.
You are amphibious.
You can wear up to eight rings at the same time.
Your skin changes colour to match your surroundings (Stealth+).
Your rubbery body absorbs attacks. (AC +1, EV +1)
((You are camouflaged when in or above water. (Stealth+)))
You have tentacles for arms and can constrict up to eight enemies at once.


Message History

Confirm with . or Enter, or press ? or * to list all spells.
Aiming: Magic Dart (safe; 2% risk of failure)
Press: ? - help, Shift-Dir - straight line, f/p - worm
Aim: a worm (severely wounded, 100% to hit)
The magic dart hits the worm!
You kill the worm!
Unknown command.
Casting: Magic Dart (safe; 2% risk of failure)
Confirm with . or Enter, or press ? or * to list all spells.
You don't have enough magic to cast this spell.
Unknown command.
Casting: Magic Dart (safe; 2% risk of failure)
Confirm with . or Enter, or press ? or * to list all spells.
You don't have enough magic to cast this spell.
Casting: Magic Dart (safe; 2% risk of failure)
Confirm with . or Enter, or press ? or * to list all spells.
You don't have enough magic to cast this spell.
The goblin attacks as you move away! The goblin closely misses you.
The goblin attacks as you move away! The goblin hits you but does no damage.
There is a stone staircase leading down here.
You hit the goblin. Your grab misses the goblin.
The goblin is heavily wounded.
The goblin hits you with a +0 club.
You closely miss the goblin. Your grab misses the goblin.
Your squeeze misses the goblin.
The goblin is heavily wounded.
The goblin barely misses you.
You closely miss the goblin. Your grab misses the goblin.
The goblin is heavily wounded.
The goblin hits you with a +0 club.
You barely miss the goblin. You grab the goblin.
The goblin is heavily wounded.
You constrict the goblin.
You kill the goblin!
The dart slug launches a dart at you. The slug dart hits you.
* * * LOW HITPOINT WARNING * * *
The dart slug launches a dart at you. The slug dart hits you.
You die...

#.# #†#.#.#.#...........#
#.#
##).........#####....###
##.## #..#.#.#.#..#
##......
#...###...........# ##.###.
##.....#.....<#....# #.# #.
#...........#...#### #.# #.
#.####.####.##.## #.# #.
#.# #.# #.##.# #.# #. #.#
#.####.##@###########.###.
#.#.#
#...............wJ.>†.....
#.#.#
######.##############)##.>.
#.#.###...##.# #.#####
#.#.##.###.#.# #w# ##
#.#.#.#####..# #J# #.
#.#.#.##.....# #.####.
#.....##.##.## #....w.
....#...#..## ######.


You could see a dart slug.

Vanquished Creatures
  A worm (D:2)
  A dart slug (D:1)
  2 bats
  An endoplasm (D:2)
  A giant cockroach (D:1)
  2 goblins
  A hobgoblin (D:2)
  A quokka (D:1)
  2 kobolds (D:1)
  4 rats
16 creatures vanquished.

Notes
Turn   | Place    | Note
-------+----------+-------------------------------------------
     0 | D:1      | RonnieColeman the Octopode Conjurer began the quest for the
                  | Orb.
     0 | D:1      | Reached XP level 1. HP: 11/11 MP: 3/3
   307 | D:1      | Reached XP level 2. HP: 3/17 MP: 3/5
   695 | D:1      | Found a faded altar of an unknown god.
  1675 | D:2      | Killed from afar by a dart slug

Illustrated notes

Levels and vault maps discovered:
D:1:      heliophobic_arrival_ceremonial_halls, layout_loops_corners,
          hellmonk_ecumenical_altar_lost_god, minmay_strange_pillars,
          minmay_misc_feat_diagonals, serial_bayou_lagoon_b
D:2:      layout_loops_ring, st_stairs_2, minmay_quantized

Action                   || total
-------------------------++-------
Melee: Club              ||     7
       Unarmed           ||     5
       Constrict         ||     6
       Tentacles         ||     3
       Dagger            ||    13
 Cast: Magic Dart        ||    13
 Stab: Sleeping          ||     6
Armor: Skin              ||     1
Dodge: Dodged            ||    10
